 Dungeon Crawl Stone Soup version 0.31-a0-229-g1fc7ce93e2 (webtiles) character file.

Game seed: 13247117742465628227

93 qw the Shooter (level 4, 0/26 HPs)
             Began as a Gargoyle Hexslinger on July 6, 2023.
             Slain by a gnoll
             ... wielding a +0 whip
              (2 damage)
             ... on level 2 of the Dungeon.
             The game lasted 00:00:43 (1278 turns).

qw the Shooter (Gargoyle Hexslinger)                Turns: 1278, Time: 00:00:43

Health: 0/26       AC:  8    Str: 11    XL:     4   Next: 62%
Magic:  5/5        EV: 10    Int: 14    God:
Gold:   51         SH:  0    Dex: 14    Spells: 4/5 levels left

rFire   . . .        Y - +1 sling
rCold   . . .        (no shield)
rNeg    + . .        d - +0 ring mail
rPois   inf          (no helmet)
rElec   +            (no cloak)
rCorr   .            (no gloves)
SInv    .            (no boots)
Will    .....        (no amulet)
Stlth   +            (no ring)
HPRegen 0.24/turn    (no ring)
MPRegen 0.09/turn

%: no passive effects
@: no status effects
A: sickness immunity, AC +3, negative energy resistance 1, electricity
resistance, torment resistance 1, petrification resistance
a: no special abilities


You were on level 2 of the Dungeon.
You visited 1 branch of the dungeon, and saw 2 of its levels.

You collected 51 gold pieces.


Innate Abilities, Weirdness & Mutations

You are immune to sickness and miasma.
Your stone body is resilient. (AC +3)
You are immune to poison.
You resist negative energy. (rN+)
You are resistant to electric shocks. (rElec)
You are resistant to unholy torment.
You are immune to petrification.


   Skills:
 - Level 2.0 Fighting
 + Level 4.1 Ranged Weapons
 - Level 1.3 Armour
 - Level 1.5 Dodging
 - Level 1.0 Spellcasting
 - Level 2.6 Hexes


You had 4 spell levels left.
You knew the following spells:

 Your Spells              Type           Power      Damage    Failure   Level
a - Slow                  Hex            32%        N/A       21%         1

Your spell library contained the following spells:

 Spells                   Type           Power      Damage    Failure   Level
 Inner Flame              Hex/Fire       4%         N/A       71%         3
 Portal Projectile        Hex/Tloc       8%         N/A       71%         3
 Cause Fear               Hex            4%         N/A       90%         4

Inventory:

Hand Weapons
 Y - a +1 sling (weapon)
Armour
 b - a +0 helmet
 d - a +0 ring mail (worn)
Scrolls
 a - a scroll of teleportation {unknown}
 e - 3 scrolls of identify {unknown}
 j - 2 scrolls of enchant weapon {unknown}
Potions
 c - a potion of haste {unknown}
 f - a potion of magic {unknown}
 g - a potion of curing {unknown}
 h - a potion of heal wounds {unknown}
 i - a potion of attraction {unknown}

Dungeon Overview and Level Annotations

Branches:
Dungeon (2/15)

Altars:


Message History

The gnoll is heavily wounded.
The dart slug launches a dart at you. The slug dart misses you.
The gnoll hits you but does no damage.
You shoot a sling bullet. The sling bullet hits the gnoll.
The gnoll is severely wounded.
The gnoll hits you but does no damage.
The dart slug bites you but does no damage.
You shoot a sling bullet. The sling bullet hits the gnoll.
The gnoll is severely wounded.
The gnoll hits you with a +0 flail. The dart slug launches a dart at you.
The slug dart misses you. The gnoll hits you but does no damage.
You shoot a sling bullet. The sling bullet hits the gnoll.
You kill the gnoll!
The dart slug launches a dart at you. The slug dart hits you.
A worm comes into view.
Your Armour skill increases to level 1!
You shoot a sling bullet. The sling bullet hits the dart slug!
The dart slug is severely wounded.
The dart slug launches a dart at you.
The slug dart hits you but does no damage.
You shoot a sling bullet. The sling bullet hits the dart slug!
You kill the dart slug!
The gnoll hits you with a +0 whip.
You shoot a sling bullet.
The sling bullet closely misses the gnoll.
The gnoll closely misses you.
You shoot a sling bullet. The sling bullet hits the gnoll.
The gnoll is lightly wounded.
The gnoll hits you with a +0 whip.
You shoot a sling bullet. The sling bullet hits the gnoll.
The gnoll is severely wounded.
The gnoll barely misses you. The gnoll hits you but does no damage.
You shoot a sling bullet.
The sling bullet barely misses the gnoll.
The sling bullet hits the worm.
The worm is moderately wounded.
The gnoll hits you with a +0 whip.
You die...

####...#.#
#........###
##.#.###......#
.....###..###.###
..........#.....
##..#####..#.#.#
.> #..)...# #
#......# ####.)@#
###g# #w# #..
#..# #..# .......
.... ..... #..#
#...#


You could see a worm and a gnoll.

Vanquished Creatures
  2 gnolls (D:2)
  2 adders (D:2)
  3 worms (D:2)
  3 dart slugs
  A ball python (D:1)
  4 endoplasms
  2 giant cockroaches
  A goblin (D:1)
  A hobgoblin (D:2)
  3 jackals (D:1)
  5 kobolds
  3 quokkas
  5 bats
  3 frilled lizards
  5 rats
43 creatures vanquished.

Notes
Turn   | Place    | Note
-------+----------+-------------------------------------------
     0 | D:1      | qw the Gargoyle Hexslinger began the quest for the Orb.
     0 | D:1      | Reached XP level 1. HP: 12/12 MP: 2/2
     0 | D:1      | 0 ||| qw: Version: 0.3-a-46-gb1f654a
     0 | D:1      | 0 ||| qw: Game counter: 1410
     0 | D:1      | 0 ||| qw: Melee chars always use a shield: true
     0 | D:1      | 0 ||| qw: God list: Okawaru
     0 | D:1      | 0 ||| qw: Allow faded altars: false
     0 | D:1      | 0 ||| qw: Do Orc after clearing Dungeon:15 true
     0 | D:1      | 0 ||| qw: Do second Lair branch before Depths: true
     0 | D:1      | 0 ||| qw: Lair rune preference: random
     0 | D:1      | 0 ||| qw: Goals: Normal
     0 | D:1      | 0 ||| PLANNING D:1-11
   179 | D:1      | Reached XP level 2. HP: 14/16 MP: 3/3
   231 | D:1      | Reached skill level 3 in Ranged Weapons
   391 | D:1      | Reached XP level 3. HP: 21/21 MP: 4/4
   737 | D:1      | 737 ||| UPGRADING to +0 ring mail.
   747 | D:1      | 747 ||| DROPPING +0 robe.
   748 | D:1      | 748 ||| READING scroll labelled LAGUAFE KIST.
   749 | D:1      | 749 ||| READING 2 scrolls labelled SEWATSAPHU.
   750 | D:1      | 750 ||| DROPPING scroll of poison.
   751 | D:1      | 751 ||| DROPPING scroll of fog.
   985 | D:2      | 985 ||| FLEEEEING.
   986 | D:2      | 986 ||| FLEEEEING.
  1209 | D:2      | Reached XP level 4. HP: 24/26 MP: 5/5
  1232 | D:2      | Reached skill level 4 in Ranged Weapons
  1272 | D:2      | HP: 6/26 [dart slug/slug dart (5)]
  1273 | D:2      | Reached skill level 1 in Armour
  1274 | D:2      | HP: 1/26 [gnoll/+0 whip (5)]
  1278 | D:2      | Slain by a gnoll

Levels and vault maps discovered:
D:1:      minmay_arrival_arboretum_small, layout_basic
D:2:      layout_loops_cross, hex_tiny, minivault_14, hex_large

Skill      XL: |  1  2  3  4 |
---------------+-------------+-----
Ranged Weapons | 3 4 |  4.1
Fighting       | 2 |  2.0
Armour         | 1 |  1.3
Dodging        | |  1.5
Spellcasting   | |  1.0
Hexes          | |  2.6

Action                     |  1- 3 |  4- 6 || total
---------------------------+-------+-------++-------
   Fire: Sling             |   163 |    34 ||   197
    Use: Scroll            |     2 |       ||     2
 Armour: Robe              |    19 |       ||    19
         Ring mail         |    26 |    16 ||    42
  Dodge: Dodged            |    79 |    20 ||    99

Table legend:
 A = Non-vault XP
 B = Vault XP
 C = Vault XP percentage of total XP
 D = Non-vault monster count
 E = Vault monster count
 F = Vault count percentage of total count
                 A         B        C        D         E       F
            +---------+---------+-------+---------+---------+-------
      Total |     134 |       0 |   0.0 |      43 |       0 |   0.0
            +---------+---------+-------+---------+---------+-------
        D:1 |      37 |       0 |   0.0 |      20 |       0 |   0.0
        D:2 |      97 |       0 |   0.0 |      23 |       0 |   0.0
            +---------+---------+-------+---------+---------+-------
